[Event "Titled Tuesday Blitz January 10 Early 2023"]
[White "Vifleemskaia, Svetlana"]
[Black "Tasev, Dejan"]
[WhiteFideId "4129490"]
[BlackFideId "936618"]
[WhiteElo "1971"]
[BlackElo "2205"]
[Result "0-1"]
[Round "06"]
[TimeControl "180+2"]
[Date "2023.01.10"]
[WhiteClock "0:00:03"]
[BlackClock "0:01:05"]

1. d4 e6 2. c4 f5 3. Nf3 Nf6 4. a3 d5 5. Qc2 c6 6. g3 Bd6 7. Bg2 O-O 8. O-O Nbd7 9. b4 Ne4 10. Bb2 Rf6 11. Ne5 Rh6 12. f3 Ng5 13. h4 Nf7 14. Nxf7 Kxf7 15. Bc1 Bxg3 16. Bxh6 Qxh4 17. Rd1 gxh6 18. e4 Nf6 19. Nc3 Bd7 20. Kf1 Rg8 21. e5 Nh5 22. Ne2 Bh2 23. Rd2 Nf4 24. Nxf4 Bxf4 25. Re2 Qg5 26. Qd1 dxc4 27. a4 h5 28. b5 h4 29. Rf2 Qg3 30. Rb1 h3 31. Bh1 Be3 32. Qe2 Qg1# 0-1


[Site "https://www.chess.com"]

[Event "Titled Tuesday Blitz January 10 Early 2023"]
[White "Petrova, Irina"]
[Black "Rodriguez Fontecha, Marcos"]
[WhiteFideId "14124122"]
[BlackFideId "2256576"]
[WhiteElo "2108"]
[BlackElo "2309"]
[Result "1/2-1/2"]
[Round "06"]
[TimeControl "180+2"]
[Date "2023.01.10"]
[WhiteClock "0:00:02"]
[BlackClock "0:00:11"]

1. e4 e6 2. d4 c5 3. Nc3 cxd4 4. Qxd4 Nc6 5. Qd1 Bb4 6. Nf3 d5 7. exd5 exd5 8. Bd2 Nf6 9. Bd3 O-O 10. O-O Bg4 11. h3 Bh5 12. Ne2 Bxf3 13. gxf3 Qd7 14. Kg2 Rfe8 15. Ng3 Bd6 16. Bg5 Bxg3 17. fxg3 Qd6 18. Qd2 Ne5 19. Rae1 Nh5 20. Qf2 Nxd3 21. cxd3 h6 22. Be3 Qg6 23. g4 Nf6 24. Bd4 h5 25. Bxf6 Qxf6 26. b3 Re5 27. Rxe5 Qxe5 28. Re1 Qc3 29. Qe2 h4 30. Qe3 Rc8 31. Re2 Qa1 32. Qg5 Qd1 33. Qd2 Qb1 34. Qg5 Qxd3 35. Rf2 Qh7 36. Qxd5 b6 37. Rd2 Qg6 38. Qd7 Rc2 39. Qd8+ Kh7 40. Qxh4+ Kg8 41. Qd8+ Kh7 42. Qh4+ Kg8 43. Qd8+ Kh7 44. Qh4+ 1/2-1/2


[Site "https://www.chess.com"]

[Event "Titled Tuesday Blitz January 10 Early 2023"]
[White "Mrudul Dehankar"]
[Black "Kozin, Yuri"]
[WhiteFideId "25096990"]
[BlackFideId "4129920"]
[WhiteElo "2030"]
[BlackElo "2251"]
[Result "0-1"]
[Round "06"]
[TimeControl "180+2"]
[Date "2023.01.10"]
[WhiteClock "0:00:26"]
[BlackClock "0:01:50"]

1. e4 c5 2. Nf3 e6 3. d4 cxd4 4. Nxd4 a6 5. Bd3 Qc7 6. O-O Nc6 7. Nxc6 dxc6 8. f4 e5 9. f5 Nf6 10. Qf3 Bc5+ 11. Kh1 h6 12. Qg3 Kf8 13. Nd2 b5 14. Nf3 Bd6 15. b3 Bb7 16. Bb2 Re8 17. Rad1 h5 18. Ng5 h4 19. Qe3 Qe7 20. Be2 Bc5 21. Qh3 Nh5 22. Qxh4 Be3 23. Bxh5 Bxg5 24. Qf4 Bxf4 0-1


[Site "https://www.chess.com"]

[Event "Titled Tuesday Blitz January 10 Early 2023"]
[White "Parpiev, Isaak"]
[Black "Prudnykova, Olga"]
[WhiteFideId "34281576"]
[BlackFideId "14121093"]
[WhiteElo "2167"]
[BlackElo "2268"]
[Result "1-0"]
[Round "06"]
[TimeControl "180+2"]
[Date "2023.01.10"]
[WhiteClock "0:00:03"]
[BlackClock "0:00:03"]

1. Nf3 Nf6 2. g3 g6 3. Bg2 Bg7 4. O-O d5 5. d3 d4 6. e4 dxe3 7. Bxe3 O-O 8. Nc3 Nc6 9. a3 e5 10. Re1 h6 11. h3 Re8 12. Nd2 Nd4 13. Kh2 c6 14. a4 a5 15. Nc4 Kh7 16. Qd2 Nd5 17. Bxd4 exd4 18. Rxe8 Qxe8 19. Nxd5 cxd5 20. Bxd5 Bxh3 21. Bxb7 Rb8 22. Kxh3 Rxb7 23. Re1 Qxa4 24. b3 Qd7+ 25. Kh2 a4 26. bxa4 Qxa4 27. Nd6 Rc7 28. Re2 Bf8 29. Ne8 Re7 30. Nf6+ Kg7 31. Ng4 g5 32. Rxe7 Bxe7 33. Qe2 Qd7 34. Qe5+ Kg6 35. Qe4+ Qf5 36. Qxf5+ Kxf5 37. Nxh6+ Kg6 38. Ng4 Bd6 39. Kg2 f5 40. Nh2 g4 41. Nf1 Kf6 42. Nd2 Ke6 43. Nc4 Bc7 44. Kf1 Kd5 45. Ke2 Kc5 46. Nd2 Kb4 47. Nb1 Kc5 48. c4 dxc3 49. Nxc3 f4 50. Ne4+ Kd4 51. Kd2 fxg3 52. Nxg3 Ke5 53. Ne2 Kf5 54. Ke3 Bb6+ 55. d4 Bc7 56. Kd3 Kg5 57. Ke4 Kh4 58. d5 Kh3 59. Ke3 Kg2 60. Nf4+ Bxf4+ 61. Kxf4 g3 62. fxg3 1-0


[Site "https://www.chess.com"]

[Event "Titled Tuesday Blitz January 10 Early 2023"]
[White "Flores Quillas, Diego Saul Rodri"]
[Black "Martinez, Shawn"]
[WhiteFideId "3822508"]
[BlackFideId "2039770"]
[WhiteElo "2359"]
[BlackElo "1881"]
[Result "0-1"]
[Round "06"]
[TimeControl "180+2"]
[Date "2023.01.10"]
[WhiteClock "0:00:01"]
[BlackClock "0:00:27"]

1. e4 c5 2. Nf3 e6 3. d4 cxd4 4. Nxd4 a6 5. Nc3 Bb4 6. g3 d5 7. Bg2 dxe4 8. Bxe4 Nf6 9. Bg2 Bxc3+ 10. bxc3 e5 11. Qe2 O-O 12. Nb3 Bg4 13. f3 Bf5 14. O-O Re8 15. Be3 Qc7 16. Nc5 Nbd7 17. Nxd7 Bxd7 18. Rab1 Bb5 19. Rxb5 axb5 20. Qxb5 Qxc3 21. Bg5 Rxa2 22. Bxf6 Re6 23. Qd5 Ra8 0-1


[Site "https://www.chess.com"]

[Event "Titled Tuesday Blitz January 10 Early 2023"]
[White "Bashirli, Saadat"]
[Black "Berezin, Viktor"]
[WhiteFideId "13429990"]
[BlackFideId "14107872"]
[WhiteElo "1571"]
[BlackElo "2307"]
[Result "0-1"]
[Round "06"]
[TimeControl "180+2"]
[Date "2023.01.10"]
[WhiteClock "0:00:57"]
[BlackClock "0:00:50"]

1. d4 Nf6 2. c4 g6 3. Nc3 Bg7 4. e4 d6 5. Bg5 O-O 6. Be2 c5 7. d5 Qa5 8. Qd2 h6 9. Bf4 e5 10. dxe6 Bxe6 11. Nf3 Nc6 12. O-O Rad8 13. Bxh6 Ne5 14. Nxe5 dxe5 15. Qe3 Rd4 16. Bxg7 Kxg7 17. b3 Rfd8 18. Rad1 a6 19. f3 b5 20. cxb5 axb5 21. Nd5 Nxd5 22. exd5 R8xd5 23. Rxd4 exd4 24. Qc1 d3 25. Bd1 Qxa2 26. Qc3+ f6 27. Re1 Bf7 28. b4 d2 29. Rf1 Qc4 30. Qxc4 bxc4 31. bxc5 Rxc5 32. Bc2 c3 33. Ra1 Rb5 34. Kf2 Rb2 35. Bd3 d1=Q+ 0-1


[Site "https://www.chess.com"]

[Event "Titled Tuesday Blitz January 10 Early 2023"]
[White "Ruiz Aguilar, Pablo Alexander"]
[Black "Lehtosaari, Mauri"]
[WhiteFideId "4401352"]
[BlackFideId "501999"]
[WhiteElo "2161"]
[BlackElo "2176"]
[Result "1-0"]
[Round "06"]
[TimeControl "180+2"]
[Date "2023.01.10"]
[WhiteClock "0:00:05"]
[BlackClock "0:00:06"]

1. e4 c5 2. Nf3 e6 3. d4 cxd4 4. Nxd4 Nc6 5. Nc3 Qc7 6. Ndb5 Qb8 7. Be3 a6 8. Bb6 axb5 9. Nxb5 Bb4+ 10. c3 Ba5 11. Nc7+ Qxc7 12. Bxc7 Bxc7 13. Bb5 Nge7 14. a4 O-O 15. b4 d5 16. f3 dxe4 17. fxe4 Ne5 18. Qe2 b6 19. O-O Bb7 20. Rad1 N7g6 21. Rd4 Rac8 22. Rfd1 h6 23. g3 Bb8 24. c4 Ne7 25. Rb1 N7c6 26. Bxc6 Nxc6 27. Rdd1 Ne5 28. Rbc1 Ba6 29. b5 Bb7 30. c5 bxc5 31. a5 c4 32. Qe3 Bc7 33. a6 Ba8 34. b6 Bd8 35. b7 Rb8 36. bxa8=Q Rxa8 37. a7 Bf6 38. Rd6 Rfc8 39. Qb6 Be7 40. Rcd1 Bxd6 41. Rxd6 c3 42. Rd1 Nc4 43. Qb7 Nd2 44. Kf2 c2 45. Rc1 Nc4 46. Rxc2 Nd6 47. Rxc8+ Rxc8 48. Qxc8+ Nxc8 49. a8=Q Kh7 50. Qxc8 Kg6 51. Qc5 Kf6 52. e5+ Kf5 53. Kf3 Kg6 54. g4 Kg5 55. h3 Kg6 56. h4 f5 57. exf6 Kxf6 58. Qh5 g6 59. Qxh6 Kf7 60. Qg5 Kg7 61. Ke4 e5 62. Kxe5 Kh8 63. Kf6 Kh7 64. Qxg6+ Kh8 65. Qg7# 1-0


[Site "https://www.chess.com"]

[Event "Titled Tuesday Blitz January 10 Early 2023"]
[White "Arencibia Monduy, Antonio"]
[Black "Kamalidenova, Meruert"]
[WhiteFideId "3507939"]
[BlackFideId "13712802"]
[WhiteElo "2122"]
[BlackElo "2350"]
[Result "0-1"]
[Round "06"]
[TimeControl "180+2"]
[Date "2023.01.10"]
[WhiteClock "0:00:01"]
[BlackClock "0:00:17"]

1. c4 Nf6 2. e3 c5 3. Nf3 e6 4. Be2 d5 5. cxd5 exd5 6. d4 Nc6 7. O-O Be6 8. Nc3 Be7 9. dxc5 Bxc5 10. b3 O-O 11. Bb2 Qe7 12. Nb5 Rad8 13. Rc1 Ne4 14. Nbd4 Nb8 15. Bd3 Nd7 16. h3 Ndf6 17. Qe2 Rfe8 18. Rfd1 a6 19. Bb1 Qd7 20. Nxe6 Qxe6 21. Nd4 Qd7 22. Qf3 Bd6 23. Nf5 Bf8 24. Nd4 Bd6 25. Bd3 Bb8 26. Bf1 Qd6 27. g3 Ng5 28. Qg2 Qd7 29. Kh2 Be5 30. Rc2 Bxd4 31. Bxd4 Qf5 32. Rdc1 Nf3+ 33. Kh1 Ne4 34. Be2 Nxd4 35. Bg4 Qf6 36. exd4 Qxd4 37. Bf3 Nf6 38. Rd1 Qe5 39. Rcd2 d4 40. Bxb7 d3 41. Bc6 Re6 42. Bb7 Red6 43. Qf3 h6 44. Rxd3 Rxd3 45. Rxd3 Qe1+ 46. Kg2 Re8 47. Re3 Rxe3 48. Qxe3 Qa5 49. Qe2 Qb6 50. Bf3 a5 51. Qc2 g6 52. Qd2 Kg7 53. Qc3 Qa6 54. a3 g5 55. b4 axb4 56. axb4 Qb6 57. Qc5 Qxc5 58. bxc5 Ne8 59. Kf1 Nc7 60. Ke2 Kf6 61. Kd3 Ke5 62. Kc4 f5 63. Bc6 f4 64. Kb4 Kd4 65. gxf4 gxf4 66. Bf3 Na6+ 67. Kb5 Nxc5 68. Bg4 Nd3 69. f3 Ne5 70. Bh5 Ke3 71. Kc5 Nxf3 72. Kd5 Ng5 73. Bg4 f3 74. h4 f2 75. hxg5 f1=Q 76. gxh6 Qf7+ 77. Be6 Qh7 78. Ke5 Qxh6 0-1


[Site "https://www.chess.com"]

[Event "Titled Tuesday Blitz January 10 Early 2023"]
[White "Mohota, Nisha"]
[Black "Novikov, Evgenij"]
[WhiteFideId "5004330"]
[BlackFideId "4125380"]
[WhiteElo "2177"]
[BlackElo "2276"]
[Result "0-1"]
[Round "06"]
[TimeControl "180+2"]
[Date "2023.01.10"]
[WhiteClock "0:00:01"]
[BlackClock "0:00:08"]

1. e4 c5 2. c3 d5 3. exd5 Qxd5 4. d4 Nf6 5. Nf3 Nc6 6. Na3 a6 7. Nc4 cxd4 8. Nb6 Qe4+ 9. Be2 Rb8 10. O-O e5 11. Re1 Qf5 12. Nxd4 Nxd4 13. cxd4 e4 14. Bd3 Be7 15. Qe2 O-O 16. Bxe4 Nxe4 17. Qxe4 Bb4 18. Nxc8 Qxe4 19. Rxe4 Rfxc8 20. Bf4 Ra8 21. d5 a5 22. d6 Rd8 23. Rd1 Rd7 24. Rc4 g5 25. Bg3 Re8 26. a3 Bxd6 27. h4 Bxg3 28. Rdc1 Be5 29. hxg5 Bxb2 30. Rb1 Bxa3 31. g3 Rde7 32. Kg2 Bb4 33. f4 b6 34. Kh3 Bc5 35. Kg4 Re4 36. Rc2 Re3 37. Rd2 Kg7 38. f5 a4 39. f6+ Kg8 0-1


[Site "https://www.chess.com"]

[Event "Titled Tuesday Blitz January 10 Early 2023"]
[White "Skurikhin, Dmitrij"]
[Black "Degenbaev, Aziz"]
[WhiteFideId "4161297"]
[BlackFideId "13802640"]
[WhiteElo "2297"]
[BlackElo "2203"]
[Result "0-1"]
[Round "06"]
[TimeControl "180+2"]
[Date "2023.01.10"]
[WhiteClock "0:00:22"]
[BlackClock "0:01:06"]

1. d4 Nf6 2. Nf3 g6 3. c4 Bg7 4. Nc3 O-O 5. e4 d6 6. Be2 e5 7. O-O Nc6 8. d5 Ne7 9. Nd2 Nd7 10. b4 f5 11. c5 dxc5 12. bxc5 Nxc5 13. Ba3 Nd7 14. Bc4 Kh8 15. f3 Re8 16. Bb3 Nb6 17. Kh1 Ng8 18. Rc1 a6 19. exf5 gxf5 20. Re1 Nf6 21. Nc4 Nxc4 22. Bxc4 Nh5 23. d6 cxd6 24. Bf7 Nf6 25. Bxe8 Nxe8 26. Nd5 Be6 27. Qd2 h5 28. Rc2 Kh7 29. Rec1 Bh6 30. Qd3 Bxc1 31. Rxc1 Rc8 32. Rd1 Qa5 33. Bb2 Qxd5 34. Qxd5 Bxd5 35. Rxd5 Rc2 36. Ba3 Rxa2 37. Rxe5 dxe5 38. Bf8 Ra1# 0-1


[Site "https://www.chess.com"]

[Event "Titled Tuesday Blitz January 10 Early 2023"]
[White "Kirillov, Dmitry"]
[Black "Riverol, Jose"]
[WhiteFideId "34180572"]
[BlackFideId "3000427"]
[WhiteElo "2179"]
[BlackElo "2304"]
[Result "1-0"]
[Round "06"]
[TimeControl "180+2"]
[Date "2023.01.10"]
[WhiteClock "0:00:05"]
[BlackClock "0:00:04"]

1. e4 c5 2. Nc3 a6 3. a4 d6 4. f4 g6 5. Nf3 Bg7 6. Bc4 e6 7. O-O Ne7 8. d3 d5 9. Bb3 O-O 10. Qe1 Nbc6 11. f5 Nd4 12. Nxd4 Bxd4+ 13. Kh1 dxe4 14. Bh6 exf5 15. Bxf8 Qxf8 16. dxe4 Bd7 17. Rd1 Bc6 18. Qg3 Bxc3 19. Qxc3 Bxe4 20. Rd7 Bc6 21. Rd2 Rc8 22. Re1 c4 23. Bxc4 b5 24. Qf6 bxc4 25. Rxe7 Be8 26. Rde2 Bxa4 27. Qxa6 Bxc2 28. Qxc8 Qxc8 29. Re8+ Qxe8 30. Rxe8+ Kg7 31. Rc8 Bd3 32. Kg1 Kf6 33. Kf2 f4 34. Ke1 g5 35. Rc5 g4 36. g3 fxg3 37. hxg3 Ke6 38. Kd2 f5 39. Ke3 h5 40. b3 h4 41. gxh4 Kd6 42. Rc8 f4+ 43. Kxf4 cxb3 44. Rb8 Be2 45. Rxb3 Ke6 46. Re3+ 1-0


[Site "https://www.chess.com"]

[Event "Titled Tuesday Blitz January 10 Early 2023"]
[White "Szyszylo, Rafal"]
[Black "Johnson, Ben"]
[WhiteFideId "1109626"]
[BlackFideId "2010917"]
[WhiteElo "2091"]
[BlackElo "1961"]
[Result "1-0"]
[Round "06"]
[TimeControl "180+2"]
[Date "2023.01.10"]
[WhiteClock "0:03:02"]
[BlackClock "0:02:23"]

1. e4 c5 2. Nf3 Nc6 3. Bb5 g6 4. c3 Bg7 5. O-O Nf6 6. Re1 O-O 7. d4 cxd4 8. cxd4 d5 9. e5 Ne4 10. Bxc6 bxc6 11. Nc3 Nxc3 12. bxc3 Bg4 13. Ba3 Re8 14. h3 Bxf3 15. Qxf3 e6 16. Rab1 Rb8 17. Bd6 Rb6 18. Bc5 Rxb1 19. Rxb1 Qa5 20. Rb7 1-0


[Site "https://www.chess.com"]

[Event "Titled Tuesday Blitz January 10 Early 2023"]
[White "Fajdetic, Hrvoje"]
[Black "Khalafova, Narmin"]
[WhiteFideId "14501945"]
[BlackFideId "13402625"]
[WhiteElo "2151"]
[BlackElo "2246"]
[Result "0-1"]
[Round "06"]
[TimeControl "180+2"]
[Date "2023.01.10"]
[WhiteClock "0:00:30"]
[BlackClock "0:00:53"]

1. d4 d5 2. e3 Nf6 3. c4 c6 4. Nc3 g6 5. Nf3 Bg7 6. h4 Bg4 7. Qb3 Bxf3 8. gxf3 Qb6 9. cxd5 Qxb3 10. axb3 Nxd5 11. h5 O-O 12. hxg6 hxg6 13. Bc4 Nb4 14. Ke2 b5 15. Bd3 Nxd3 16. Kxd3 Nd7 17. Ra6 Rfc8 18. b4 e5 19. Ne4 Nb6 20. Bd2 Rd8 21. Bc3 Rd5 22. Rha1 exd4 23. exd4 Rad8 24. Rxa7 Bxd4 25. Bxd4 Rxd4+ 26. Ke3 Nc4+ 27. Kf4 Nxb2 28. Rc7 Nd3+ 29. Kg3 Ne5 30. Raa7 Rd3 31. Kf4 Rxf3+ 32. Kxe5 Rf5# 0-1


[Site "https://www.chess.com"]

[Event "Titled Tuesday Blitz January 10 Early 2023"]
[White "Topalov, Aleksandar"]
[Black "Lesbekova, Assel"]
[WhiteFideId "925659"]
[BlackFideId "13713248"]
[WhiteElo "2233"]
[BlackElo "1772"]
[Result "0-1"]
[Round "06"]
[TimeControl "180+2"]
[Date "2023.01.10"]
[WhiteClock "0:00:01"]
[BlackClock "0:00:05"]

1. b3 Nf6 2. Bb2 d6 3. Bxf6 exf6 4. c4 f5 5. Nc3 Be7 6. g3 Nc6 7. Bg2 Bf6 8. e3 Ne5 9. d4 Ng6 10. Nge2 c6 11. O-O h5 12. h4 Ne7 13. Qd2 g5 14. hxg5 Bxg5 15. f4 Bf6 16. Kf2 h4 17. Rh1 Ng6 18. Rag1 Bd7 19. Bf3 Qe7 20. gxh4 Bxh4+ 21. Kf1 O-O-O 22. b4 Rde8 23. Nd1 Bf6 24. Rxh8 Rxh8 25. Rh1 Nh4 26. Ng1 Qe8 27. Qe2 Qg8 28. Rh3 Kc7 29. Qf2 Ng6 30. Rxh8 Qxh8 31. c5 d5 32. Qg2 Nh4 33. Qh3 Qg7 34. Nf2 Ng6 35. Be2 Bxd4 36. exd4 Nxf4 37. Qf3 Qxd4 38. Ngh3 Qa1+ 39. Bd1 Nxh3 40. Nxh3 Qxa2 41. Nf4 Qc4+ 42. Nd3 a5 43. Qf4+ Qxf4+ 44. Nxf4 axb4 45. Ke2 b6 0-1


[Site "https://www.chess.com"]

[Event "Titled Tuesday Blitz January 10 Early 2023"]
[White "Alfaro, William"]
[Black "Joubert, Dantelle"]
[WhiteFideId "6100457"]
[BlackFideId "14310813"]
[WhiteElo "2134"]
[BlackElo "1566"]
[Result "1-0"]
[Round "06"]
[TimeControl "180+2"]
[Date "2023.01.10"]
[WhiteClock "0:00:10"]
[BlackClock "0:00:03"]

1. Nf3 d5 2. g3 c6 3. Bg2 Nf6 4. O-O Bf5 5. d3 e6 6. Nbd2 h6 7. Re1 Bh7 8. b3 Be7 9. Bb2 O-O 10. e4 a5 11. a4 Na6 12. e5 Nd7 13. h4 c5 14. Nf1 Rc8 15. Ne3 Nb6 16. Qd2 Nb4 17. Rad1 c4 18. dxc4 dxc4 19. Qe2 Qc7 20. Ng4 Nxc2 21. Rf1 Bd3 22. Qd2 Bxf1 23. Bxf1 cxb3 24. Bd3 Rfd8 25. Qf4 Nd5 26. Qe4 g6 27. Nxh6+ Kg7 28. Nxf7 Kxf7 29. Qxg6+ Kf8 30. Bb5 Bb4 31. Rd3 Qg7 32. Qxe6 Ne7 33. Qxb3 Rxd3 34. Qxd3 Ne1 35. Nxe1 Bxe1 36. Qf3+ Qf7 37. Qe2 Bb4 38. e6 Qf5 39. Bd3 Qh3 40. Qf3+ Ke8 41. Qf7+ Kd8 42. Qf3 Qxe6 43. Kg2 Qd5 44. Be4 Qd2 45. Bf6 Rc2 46. Qf5 Bc5 47. Bxc2 Kc7 48. Be5+ Kc6 49. Be4+ Nd5 50. Qe6+ Bd6 51. Qxd6# 1-0


[Site "https://www.chess.com"]

[Event "Titled Tuesday Blitz January 10 Early 2023"]
[White "Flis, Pawel"]
[Black "Vlassov, Nikolai"]
[WhiteFideId "1112864"]
[BlackFideId "4103360"]
[WhiteElo "1879"]
[BlackElo "2283"]
[Result "0-1"]
[Round "06"]
[TimeControl "180+2"]
[Date "2023.01.10"]
[WhiteClock "0:01:08"]
[BlackClock "0:01:27"]

1. e4 Nc6 2. Nf3 d5 3. exd5 Qxd5 4. Nc3 Qa5 5. d4 Bg4 6. Bb5 O-O-O 7. Bxc6 bxc6 8. Be3 e5 9. O-O exd4 10. Bxd4 Bxf3 11. Qxf3 Rxd4 12. Qxf7 Nf6 13. Qe6+ Kb7 14. Rad1 Bc5 15. a3 Rxd1 16. Rxd1 Re8 17. Qc4 Bb6 18. b4 Qf5 19. Rf1 Qxc2 20. a4 Re1 0-1


[Site "https://www.chess.com"]

[Event "Titled Tuesday Blitz January 10 Early 2023"]
[White "Karttunen, Mika"]
[Black "De Souza, Cristiano Gomes"]
[WhiteFideId "502081"]
[BlackFideId "2151758"]
[WhiteElo "2490"]
[BlackElo "2018"]
[Result "1-0"]
[Round "06"]
[TimeControl "180+2"]
[Date "2023.01.10"]
[WhiteClock "0:00:21"]
[BlackClock "0:00:09"]

1. d4 Nf6 2. c4 g6 3. f3 Bg7 4. e4 d6 5. Be3 Nc6 6. Nc3 a6 7. d5 Ne5 8. Nge2 Nxc4 9. Bd4 O-O 10. Ng3 Nb6 11. h4 h5 12. Be2 e5 13. Be3 Nh7 14. Bf2 f5 15. exf5 Bxf5 16. Nge4 Nd7 17. Rc1 Ndf6 18. Qb3 b5 19. a3 Qd7 20. Ng5 Nxg5 21. hxg5 Nh7 22. Be3 Qe7 23. g4 Bc8 24. Ne4 hxg4 25. fxg4 Rf4 26. Bxf4 exf4 27. Qh3 Nf8 28. Nf6+ Bxf6 29. gxf6 Qxf6 30. Rxc7 Bd7 31. g5 Bxh3 32. gxf6 Bf5 33. Rg7# 1-0


[Site "https://www.chess.com"]

[Event "Titled Tuesday Blitz January 10 Early 2023"]
[White "Becerra, Juan David"]
[Black "Harshal, Shahi"]
[WhiteFideId "4404998"]
[BlackFideId "5048257"]
[WhiteElo "2382"]
[BlackElo "2146"]
[Result "1-0"]
[Round "06"]
[TimeControl "180+2"]
[Date "2023.01.10"]
[WhiteClock "0:01:16"]
[BlackClock "0:01:28"]

1. e4 c5 2. d4 cxd4 3. c3 d3 4. Bxd3 g6 5. Nf3 Bg7 6. O-O Nc6 7. Bc4 d6 8. Qb3 e6 9. Rd1 Qc7 10. Na3 a6 11. Bf4 e5 12. Be3 Nf6 13. Bb6 Qe7 14. Re1 O-O 15. Rad1 Bg4 16. Rd3 Rac8 17. Nd2 Nd7 18. Nf1 h6 19. Ne3 Be6 20. Nd5 Bxd5 21. Bxd5 Kh7 22. Nc4 f5 23. Nxd6 Nxb6 24. Qxb6 Rc7 25. exf5 gxf5 26. Nxf5 Rxf5 27. Be4 Qg5 28. Qxc7 1-0


[Site "https://www.chess.com"]

[Event "Titled Tuesday Blitz January 10 Early 2023"]
[White "Kaplan, Avi Harrison"]
[Black "Blokhin, Sofia"]
[WhiteFideId "30934559"]
[BlackFideId "4508190"]
[WhiteElo "2146"]
[BlackElo "2062"]
[Result "1-0"]
[Round "06"]
[TimeControl "180+2"]
[Date "2023.01.10"]
[WhiteClock "0:00:10"]
[BlackClock "0:00:29"]

1. g3 g6 2. Bg2 Bg7 3. d4 f5 4. e4 fxe4 5. Bxe4 Nf6 6. Bg2 O-O 7. Nf3 d6 8. O-O Nc6 9. Re1 Bg4 10. c3 e5 11. Qb3+ Kh8 12. Qxb7 Qd7 13. dxe5 Rab8 14. Qa6 Nxe5 15. Nxe5 dxe5 16. Be3 Nd5 17. Bc5 Rf6 18. Qxa7 Re8 19. Nd2 Nf4 20. Ne4 Nxg2 21. Nxf6 Bxf6 22. Re4 Qd5 23. Rxg4 Rd8 24. Qxc7 Rd7 25. Qc8+ Rd8 26. Qc7 Rd7 27. Qb6 Bd8 28. Qb4 Kg7 29. Bf8+ Kg8 30. Bh6 Be7 31. Qb8+ Rd8 32. Qa7 Rd7 33. Qa4 Qf3 34. Qxd7 Bc5 35. Qg7# 1-0


[Site "https://www.chess.com"]

[Event "Titled Tuesday Blitz January 10 Early 2023"]
[White "Bobomurodova, Maftuna"]
[Black "Reprintsev, Alexander"]
[WhiteFideId "14207400"]
[BlackFideId "14100541"]
[WhiteElo "1946"]
[BlackElo "2253"]
[Result "0-1"]
[Round "06"]
[TimeControl "180+2"]
[Date "2023.01.10"]
[WhiteClock "0:00:13"]
[BlackClock "0:01:19"]

1. e4 d5 2. exd5 Qxd5 3. Nc3 Qa5 4. d4 Nf6 5. Nf3 Nc6 6. Be2 Bg4 7. O-O O-O-O 8. Be3 e5 9. Nd2 Bxe2 10. Nxe2 exd4 11. Bf4 Nd5 12. Bg3 Ne3 13. fxe3 dxe3 14. Rxf7 Rxd2 15. Qf1 Bd6 16. Bxd6 Rxd6 17. Rf5 Qd2 18. Ng3 Qxc2 19. Re1 Re8 20. Rf8 Re6 21. Rxe8+ Rxe8 22. Qf7 Qg6 23. Qd5 Qe6 24. Qxe6+ Rxe6 25. Nf5 Nb4 26. Rxe3 Rxe3 27. Nxe3 Nxa2 28. Nf5 g6 29. Ne7+ Kd7 30. Nd5 Kd6 31. Nf6 h5 32. Nh7 Ke7 33. h4 Nc1 34. Kf2 Nd3+ 0-1


[Site "https://www.chess.com"]

[Event "Titled Tuesday Blitz January 10 Early 2023"]
[White "Slovineanu, Viacheslav"]
[Black "Tania, Sachdev"]
[WhiteFideId "13900510"]
[BlackFideId "5007844"]
[WhiteElo "2412"]
[BlackElo "2389"]
[Result "0-1"]
[Round "06"]
[TimeControl "180+2"]
[Date "2023.01.10"]
[WhiteClock "0:00:01"]
[BlackClock "0:00:41"]

1. e4 e5 2. Nf3 Nc6 3. Bb5 a6 4. Ba4 Nf6 5. Bxc6 dxc6 6. Qe2 Bd6 7. d3 O-O 8. Nbd2 Nd7 9. Nc4 b5 10. Ne3 Nc5 11. g3 Ne6 12. Nf5 c5 13. h3 Nd4 14. N3xd4 cxd4 15. Qh5 g6 16. Nh6+ Kg7 17. Qf3 Qf6 18. Qxf6+ Kxf6 19. Ng4+ Kg7 20. Ke2 Re8 21. f4 exf4 22. Bxf4 f5 23. Nf2 Bb7 24. Kf3 Rf8 25. Bxd6 cxd6 26. Ke2 Rae8 27. Rhf1 d5 0-1


[Site "https://www.chess.com"]

[Event "Titled Tuesday Blitz January 10 Early 2023"]
[White "Palacio,Igor Da Paz"]
[Black "Papayan, Oleg"]
[WhiteFideId "2121140"]
[BlackFideId "4193911"]
[WhiteElo "2172"]
[BlackElo "2253"]
[Result "1/2-1/2"]
[Round "06"]
[TimeControl "180+2"]
[Date "2023.01.10"]
[WhiteClock "0:00:08"]
[BlackClock "0:00:10"]

1. e4 d5 2. exd5 Qxd5 3. Nc3 Qd8 4. Nf3 c6 5. d4 Bf5 6. Bc4 e6 7. O-O Nd7 8. Re1 Be7 9. Bf4 Ngf6 10. a3 O-O 11. h3 Nb6 12. Bd3 Bg6 13. Qe2 Nbd5 14. Bd2 Nxc3 15. bxc3 Nd5 16. Ne5 Bg5 17. c4 Nf4 18. Bxf4 Bxf4 19. Nxg6 hxg6 20. c3 c5 21. Qf3 Bd2 22. Red1 Bxc3 23. Rab1 Bxd4 24. Rxb7 a5 25. a4 Rb8 26. Rb5 Qf6 27. Be4 Rxb5 28. cxb5 Rb8 29. Qxf6 gxf6 30. Rc1 Kf8 31. Kf1 Ke7 32. g3 Kd6 33. Ke2 f5 34. Bc6 e5 35. h4 c4 36. Rxc4 Bc5 37. f3 Bb4 38. Rc1 Bc5 39. Rc2 Bd4 40. Kd3 f6 41. Kc4 Rh8 42. Rh2 Bg1 43. Rg2 Bd4 44. Rh2 Bg1 45. Rd2+ Bd4 46. Bb7 g5 47. hxg5 fxg5 48. g4 fxg4 49. fxg4 Rh3 50. Rd3 Rh2 51. Be4 Ra2 52. Kb3 Rb2+ 53. Ka3 Rb4 54. Rb3 Rxb3+ 55. Kxb3 Kc5 56. Bf5 Kb6 57. Kc4 Be3 58. Kd5 Bf4 59. Ke4 Bg3 60. Be6 Bf4 61. Bf7 Bg3 62. Bg8 Bf4 63. Kf5 Kc5 64. Be6 Kb6 65. Bd5 Kc5 66. Be4 Kb6 67. Kf6 Kc5 68. Ke6 Kb6 69. Kd6 Bg3 70. Kd5 Bf4 71. Bf5 Bg3 72. Be4 Bf4 73. Kc4 Bg3 74. Kd5 1/2-1/2


[Site "https://www.chess.com"]

[Event "Titled Tuesday Blitz January 10 Early 2023"]
[White "Ciuffoletti, Paolo"]
[Black "Melikhov, Evgeny V."]
[WhiteFideId "807630"]
[BlackFideId "4122046"]
[WhiteElo "2106"]
[BlackElo "2269"]
[Result "1-0"]
[Round "06"]
[TimeControl "180+2"]
[Date "2023.01.10"]
[WhiteClock "0:00:39"]
[BlackClock "0:01:01"]

1. e4 c5 2. d4 cxd4 3. c3 d3 4. Bxd3 Nc6 5. c4 d6 6. Nc3 Nf6 7. Nf3 e6 8. O-O Be7 9. Qe2 O-O 10. Rd1 Qc7 11. h3 a6 12. Bf4 Ne5 13. Rac1 Nxd3 14. Qxd3 Rd8 15. Qe3 Ne8 16. e5 dxe5 17. Nxe5 Rxd1+ 18. Rxd1 Qc5 19. Rd8 Kf8 20. Nd7+ Bxd7 21. Qxc5 Bxc5 22. Rxa8 Ke7 23. Ne4 Bd4 24. b3 Bc6 25. Ng5 h6 26. Nf3 Bxf3 27. gxf3 e5 28. Be3 Bc3 29. Ra7 Nd6 30. Bc5 g5 31. Rxb7+ Ke6 32. Rb6 1-0


[Site "https://www.chess.com"]

[Event "Titled Tuesday Blitz January 10 Early 2023"]
[White "Thiel, Thomas"]
[Black "Rian, Kapriaga"]
[WhiteFideId "4615964"]
[BlackFideId "7103263"]
[WhiteElo "2234"]
[BlackElo "2089"]
[Result "1-0"]
[Round "06"]
[TimeControl "180+2"]
[Date "2023.01.10"]
[WhiteClock "0:00:54"]
[BlackClock "0:00:01"]

1. e4 c6 2. d4 d5 3. exd5 cxd5 4. c4 Nf6 5. Nc3 Nc6 6. Bg5 e6 7. c5 Be7 8. Nf3 h6 9. Bxf6 Bxf6 10. Bb5 O-O 11. Bxc6 bxc6 12. O-O Rb8 13. b3 Qa5 14. Qd2 Re8 15. Nxd5 Qxd2 16. Nxf6+ gxf6 17. Nxd2 Rd8 18. Nf3 Ba6 19. Rfe1 Bd3 20. Rad1 Bf5 21. h3 Bg6 22. Rc1 Rb4 23. Rc4 Rxc4 24. bxc4 Rb8 25. d5 exd5 26. cxd5 cxd5 27. Nd4 Kf8 28. c6 Be4 29. f3 Bd3 30. Rc1 Bc4 31. Re1 Rc8 32. a3 Rb8 33. Kf2 h5 34. Kg3 Rc8 35. Kh4 a5 36. Kxh5 a4 37. Kg4 Rc7 38. Kf4 Rc8 39. h4 Rc7 40. g4 Rc8 41. h5 Bd3 42. Ke3 Bc4 43. Kd2 Kg7 44. Kc3 Kh6 45. Kb4 Kg5 46. Kc5 Kf4 47. Kd6 Kg3 48. c7 Kf4 49. Kd7 Ba6 50. Rb1 f5 51. gxf5 Ke3 52. Rb8 Kxd4 53. Rxc8 Ke3 54. Re8+ Kxf3 55. c8=Q 1-0


[Site "https://www.chess.com"]